 Dungeon Crawl Stone Soup version 0.27-a0-906-g0a00ce863d (webtiles) character file.

Game seed: 1913210813819944223

194 septik the Chopper (level 5, -10/45 HPs)
             Began as a Minotaur Fighter on Apr 6, 2021.
             Was an Initiate of Gozag.
             Killed by divine providence
             ... invoked by an orc priest
              (13 damage)
             ... on level 4 of the Dungeon.
             The game lasted 00:06:52 (2453 turns).

septik the Chopper (Minotaur Fighter)               Turns: 2453, Time: 00:06:55

Health: -10/45     AC:  9    Str: 22    XL:     5   Next: 44%
Magic:  4/4        EV:  5    Int:  5    God:    Gozag
Gold:   222        SH:  9    Dex:  9    Spells: 4/4 levels left

rFire    . . .     SeeInvis .   a - +0 war axe
rCold    . . .     Faith    .   c - +0 kite shield
rNeg     . . .     Spirit   .   x - +0 chain mail
rPois    .         Reflect  .   (helmet restricted)
rElec    .         Harm     .   (no cloak)
rCorr    .         Rampage  .   (no gloves)
Will     .....                  (no boots)
Stlth    ..........             (no amulet)
HPRegen  0.15/turn              (no ring)
MPRegen  0.09/turn              (no ring)

@: no status effects
A: horns 2, retaliatory headbutt
a: Renounce Religion, Potion Petition, Call Merchant, Bribe Branch


You were on level 4 of the Dungeon.
You worshipped Gozag.
Gozag was aware of your devotion.
You visited 1 branch of the dungeon, and saw 4 of its levels.

You collected 247 gold pieces.
You paid 25 gold pieces to Gozag.

Inventory:

Hand Weapons
 a - a +0 war axe (weapon)
 g - a +0 hunting sling
 s - a +1 short sword of speed
Missiles
 f - 49 stones (quivered)
 j - 16 poisoned darts
Armour
 b - a +0 scale mail
 c - a +0 kite shield (worn)
 x - a +0 chain mail (worn)
Jewellery
 k - an amulet of faith
 v - an amulet of magic regeneration
 y - a +6 ring of dexterity
Scrolls
 h - 2 scrolls of noise {unknown}
 l - a scroll of summoning {unknown}
 p - a scroll of amnesia {unknown}
 q - a scroll of acquirement {unknown}
 t - a scroll of immolation {unknown}
Potions
 d - 2 potions of might
 e - a potion of brilliance {unknown}
 i - 2 potions of flight {unknown}
 m - 2 potions of cancellation {unknown}
 n - 2 potions of degeneration {unknown}
 o - a potion of mutation {unknown}
 r - a potion of resistance {unknown}
 u - 2 potions of attraction {unknown}
 w - a potion of invisibility {unknown}


   Skills:
 - Level 3.6 Fighting
 + Level 7.0 Axes
 - Level 3.6 Armour
 - Level 3.6 Shields


You had 4 spell levels left.
You didn't know any spells.
Your spell library was empty.

Dungeon Overview and Level Annotations

Branches:
Dungeon (4/15)
 Temple: D:4-7

Altars:
Ashenzari
Elyvilon
Gozag
Ru
Sif Muna
Uskayaw

Shops:
D:1 !


Innate Abilities, Weirdness & Mutations

You have a pair of horns on your head.
You reflexively headbutt those who attack you in melee.


Message History

You kill the orc!
You closely miss the orc. You block the orc's attack.
You closely miss the orc. You headbutt the orc.
The orc is lightly wounded.
The orc hits you with a +0 whip.
You closely miss the orc.
The orc is lightly wounded.
The orc hits you but does no damage.
The orc priest invokes the aid of Beogh against you.
Pain shoots through your body! The orc hits you with a +0 whip.
You barely miss the orc.
The orc is lightly wounded.
You block the orc's attack.
The orc priest calls down the wrath of Beogh upon you.
Pain shoots through your body!
You are too injured to fight recklessly!
You barely miss the orc.
The orc is lightly wounded.
The orc hits you but does no damage. x2
You hit the orc.
The orc is severely wounded.
You block the orc's attack.
Your shield and chain mail prevent you from hitting the orc.
The orc is severely wounded.
You hit the orc priest. The orc hits you but does no damage.
The orc priest hits you with a +0 falchion.
You slash the orc!
You kill the orc!
You closely miss the orc priest.
The orc priest hits you with a +0 falchion.
Your Axes skill increases to level 7!
You closely miss the orc priest. Your headbutt misses the orc priest.
The orc priest is lightly wounded.
The orc priest mumbles some strange prayers to Beogh against you.
Beogh smites you!
* * * LOW HITPOINT WARNING * * *
The orc priest mumbles some strange prayers to Beogh against you.
Beogh smites you!
You die...
Your body crumbles into a pile of gold.

#.###.#.###.# ###
#.#.......#.## ####.##
#.#.#........#
.##...###.#.#.#.#.#..#
..............#......#
.##.>.#######.#>#.#..#
####.## #..#..##.# #.#
#.#..##..# #.# #...@$...#
##'## ####o.#### ##...##
#.## ##.....## ###.#
#.......## ##.#.#
.........####....########o
.........'............o...
.........####.......#####.
#.......## ##.....[#


You could see an orc priest.

Vanquished Creatures
  2 orc priests
  A centaur skeleton (D:3)
  Natasha (D:4)
  An orc wizard (D:2)
  A worm (D:2)
  2 dart slugs
  8 orcs
  3 endoplasms
  A giant cockroach (D:1)
  4 goblins
  4 hobgoblins
  2 jackals (D:1)
  5 ball pythons
  2 bats
  5 frilled lizards
  4 kobolds
  3 rats (D:1)
49 creatures vanquished.

Notes
Turn   | Place    | Note
-------+----------+-------------------------------------------
     0 | D:1      | septik the Minotaur Fighter began the quest for the Orb.
     0 | D:1      | Reached XP level 1. HP: 19/19 MP: 0/0
     7 | D:1      | Found a faded altar of an unknown god.
    93 | D:1      | Found Wufruwaq's Distillery.
   214 | D:1      | Reached skill level 3 in Axes
   262 | D:1      | Reached XP level 2. HP: 25/26 MP: 1/1
   830 | D:2      | Reached skill level 4 in Axes
  1279 | D:3      | Found an opulent altar of Gozag.
  1283 | D:2      | Reached XP level 3. HP: 31/31 MP: 2/2
  1289 | D:2      | Reached skill level 5 in Axes
  1289 | D:2      | Reached XP level 4. HP: 31/39 MP: 3/3
  1392 | D:3      | Became a worshipper of Gozag Ym Sagoz the Greedy
  1479 | D:3      | Found a white marble altar of Elyvilon.
  1494 | D:3      | Reached skill level 6 in Axes
  1598 | D:3      | Found a hide-covered altar of Uskayaw.
  1623 | D:3      | Reached XP level 5. HP: 36/45 MP: 4/4
  2167 | D:4      | Found a broken altar of Ashenzari.
  2171 | D:4      | Found a shimmering blue altar of Sif Muna.
  2172 | D:4      | Found a sacrificial altar of Ru.
  2258 | D:4      | Noticed Natasha
  2275 | D:4      | Killed Natasha
  2453 | D:4      | Reached skill level 7 in Axes
  2453 | D:4      | Killed from afar by an orc priest

Illustrated notes

Levels and vault maps discovered:
D:1:      wander_arrival_fairy_ring, layout_loops_ring,
          ebering_ecumenical_altar_abandoned, serial_shops, shop
D:2:      layout_rooms, chequers_avenue
D:3:      layout_rooms, nicolae_overflow_crystal_walls, elyvilon_altar_1,
          nicolae_gozag_seed_capital
D:4:      layout_loops_corners, general_overflow_altar,
          chequers_temple_overflow_statue_of_worship, uniq_natasha

Skill      XL: |  1  2  3  4  5 |
---------------+----------------+-----
Axes           | 3 4 5 6 7 |  7.0
Fighting       | |  3.6
Armour         | |  3.6
Shields        | |  3.6

Action                   |  1- 3 |  4- 6 || total
-------------------------+-------+-------++-------
Melee: War axe           |    54 |    13 ||    67
       Headbutt          |     8 |    14 ||    22
       Short sword       |       |    62 ||    62
Throw: Stone             |     1 |     6 ||     7
Armor: Scale mail        |    26 |    15 ||    41
       Chain mail        |       |     6 ||     6
Dodge: Dodged            |    16 |    13 ||    29
Block: Kite shield       |    25 |    29 ||    54

Table legend: (Time is in decaauts)
 A = Elapsed time spent in this place.
 B = Non-inter-level travel time spent in this place.
 C = Inter-level travel time spent in this place.
 D = Time resting spent in this place.
 E = Time spent auto-exploring this place.
 F = Levels seen in this place.
 G = Mean time per level.
                   A        B        C        D        E       F      G
               +--------+--------+--------+--------+--------+-----+--------+
         Total |   2488 |   2448 |     40 |    216 |   1620 |   4 |  622.0 |
       Dungeon |   2488 |   2448 |     40 |    216 |   1620 |   4 |  622.0 |
               +--------+--------+--------+--------+--------+-----+--------+

Top non-repeatable levels by time:
     D:1: 732 daAuts
     D:3: 683 daAuts
     D:2: 641 daAuts
     D:4: 430 daAuts
